Map: Odyssey LE

Players

Shubin - Winner!

  • Race: Protoss Protoss
  • League: Diamond
  • Spawn Location: 11:00

Dessa

  • Race: Zerg Zerg
  • League: Diamond
  • Spawn Location: 5:00

VOD

Have the link to the VOD?

Description

Time

  • Played on: Jan. 11, 2018, 7:48 a.m.
  • Length: 5:07
Show
View Real Time Build Order
Export as new Build Order

Shubin Protoss - Winner!

Build Orders:  

Get SALT Encoding   

  12  0:01  Probe  
  13  0:13  Pylon  
  13  0:19  Probe  
  14  0:31  Probe  
  15  0:43  Probe  
  16  0:53  Pylon  
  16  1:00  Probe  
  16  1:02  Forge  
  17  1:12  Gateway  
  17  1:15  Gateway  
  17  1:27  Pylon  
  17  1:45  Photon Cannon  
  17  1:50  Photon Cannon  
  17  2:01  Cybernetics Core  
  17  2:05  Zealot x2  
  21  2:17  Gateway  
  21  2:23  Probe  
  21  2:24  Assimilator  
  21  2:29  Assimilator  
  22  3:08  Pylon  
  22  3:12  Pylon  
  22  3:17  Zealot  
  22  3:18  Zealot  
  22  3:19  Zealot  
  26  3:22  Probe  
  27  3:41  Photon Cannon  
  27  3:44  Gateway  
  27  3:46  Gateway  
  27  3:47  Pylon  
  23  4:39  Stalker x2 (Chrono Boost)  
Show
View Real Time Build Order
Export as new Build Order

Dessa Zerg 

Build Orders: Hatch First 

Get SALT Encoding   

  12  0:01  Drone  
  13  0:12  Overlord  
  13  0:17  Drone  
  14  0:31  Drone x2  
  14  0:34  Drone  
  17  0:54  Hatchery  
  17  0:56  Drone  
  17  1:10  Spawning Pool  
  16  1:13  Drone  
  17  1:19  Extractor  
  17  1:20  Drone  
  17  1:31  Drone  
  17  1:32  Overlord  
  18  1:56  Queen  
  18  1:57  Zergling x4  
  22  2:04  Drone  
  23  2:09  Drone  
  24  2:22  Spine Crawler  
  23  2:23  Queen  
  23  2:26  Zergling x4  
  23  2:27  Zergling x2  
  28  2:38  Queen  
  28  2:39  Zergling x4  
  24  3:11  Zergling x6  
  24  3:12  Zergling x10  
  29  3:18  Spine Crawler  
  28  3:22  Queen  
  28  3:25  Zergling x2  
  30  3:36  Metabolic Boost  
  28  3:44  Spine Crawler  
  28  3:46  Spine Crawler  
  26  3:49  Zergling x2  
  25  4:37  Drone x2  
  25  4:38  Drone  
  28  4:40  Drone  
  28  4:41  Roach Warren  
Tags
 
Matchup
PvZ
Replay Pack
2017S4
Spawn Locations
Cross Positions
Add a new tag
Caveats
  • Supply blocks, unpowered buildings, or Contaminate may cause inaccurate times.
  • Supply counts are checked every 10 seconds.